Workbook

Sheet Instructions
A1: 1 | B1: Ensure that you have all the supporting documents to support any claim you may make.
A2: 2 | B2: Fill in all the relevant information in the Data Form making sure that the fields marked with the asterisks are filled.
A3: 3 | B3: Once you have completed the data form select the Summary sheet and use that data to complete your TAMIS form. The summary sheet will mirror the fields on your TAMIS form .
A4: 4 | B4: You must save both Data Form and Summary sheets as PDF documents and attach them to your TAMIS form when you submit that form.
A5: 5 | B5: All other supporting documents must be scanned and attach.
A6: 6 | B6: No claims will be approved without relevant supporting documentation.
A7: 7 | B7: Please note that you must have a TAMIS TIN.

Sheet Divided Income Form
B1: DIVIDED INCOME RETURN | C1: YEAR | N1: 11
B2: TIN | C2: TAMIS | F2: Etax | J2: Etax
B3: NAME
B4: ='Divided Income Return'!B6:I6 -> Taxpayers must have valid TAMIS TINs
B5: GENERAL INSTRUCTIONS
B6: - All Senior Partners MUST complete parts A and F - Taxpayers who have income from trade or business other than from agriculture & fisheries, and/or residential rent MUST complete parts B & D - Taxpayers who have income from agriculture & fisheries MUST complete parts C & D - Taxpayers who have income from residential rent MUST complete part E
B7: PART A - BALANCE SHEET AT END OF YEAR
B8: Assets
B9: ='Divided Income Return'!B9:G9 -> Cash & Equivalents (uncashed cheques, chequing accts, savings…) | G9: 30 | I9: 0
B10: ='Divided Income Return'!B10:G10 -> Accounts Receivable | G10: 40 | I10: 0
B11: ='Divided Income Return'!B11:G11 -> Loans to Partners | G11: 50 | I11: 0
B12: ='Divided Income Return'!B12:G12 -> Other Current, Short-term and Long-term Assets | G12: 60 | I12: 0
B13: ='Divided Income Return'!B14:I14 -> Liabilities
B14: ='Divided Income Return'!B15:G15 -> All Current, Short-term and Long-term Liabilities | G14: 80 | I14: 0
B15: ='Divided Income Return'!B17:G17 -> Equity | K15: NET ASSETS MUST BE EQUAL TO SHAREHOLDERS EQIUTY
B16: ='Divided Income Return'!B18:G18 -> Partners Equity | G16: 100 | I16: 0 | J16: =IF(#REF!-(I14+I16)=0,0,K15) -> #REF!
B17: PART B – INCOME FROM TRADE, BUSINESS, INVESTMENTS AND NON-RESIDENTIAL RENTAL PROPERTY
B18: ='Divided Income Return'!B20:I20 -> Income
B19: ='Divided Income Return'!B21:G21 -> Trade Sales of Goods and Service - Domestic Income | G19: 170 | I19: 0
B20: ='Divided Income Return'!B22:G22 -> Trade Sales of Goods and Service - Exports | G20: 180 | I20: 0
B21: ='Divided Income Return'!B23:G23 -> Domestic Investment Income | G21: 190 | I21: 0
B22: ='Divided Income Return'!B24:G24 -> Foreign Investment Income | G22: 200 | I22: 0
B23: ='Divided Income Return'!B25:G25 -> Total Rental Income (Excluding Residential Property) | G23: 210 | I23: 0
B24: ='Divided Income Return'!B26:G26 -> Other Income | G24: 220 | I24: 0
B25: ='Divided Income Return'!B27:G27 -> Total Income | G25: 230 | I25: ='Divided Income Return'!I27 -> 0
B26: ='Divided Income Return'!B28:I28 -> Cost of Sales
B27: ='Divided Income Return'!B29:G29 -> Opening Inventory | G27: 235 | I27: 0
B28: ='Divided Income Return'!B30:G30 -> Purchases during year | G28: 240 | I28: 0
B29: ='Divided Income Return'!B31:G31 -> Closing Inventory | G29: 250 | I29: 0
B30: ='Divided Income Return'!B32:G32 -> Cost of Sales | G30: 260 | I30: ='Divided Income Return'!I32 -> 0
B31: ='Divided Income Return'!B33:I33 -> Operating Expenses
B32: ='Divided Income Return'!B34:G34 -> Labour Cost | G32: 270 | I32: 0
B33: ='Divided Income Return'!B35:G35 -> Commissions | G33: 280 | I33: 0
B34: ='Divided Income Return'!B36:G36 -> Management Fees | G34: 290 | I34: 0
B35: ='Divided Income Return'!B37:G37 -> Directors’ Fees | G35: 300 | I35: 0
B36: ='Divided Income Return'!B38:G38 -> Depreciation (as per Financial Statements) | G36: 310 | I36: 0
B37: ='Divided Income Return'!B39:G39 -> Bad Debt | G37: 320 | I37: 0
B38: ='Divided Income Return'!B40:G40 -> Other Expenses | G38: 330 | I38: 0
B39: ='Divided Income Return'!B41:G41 -> Total Operating Expenses | G39: 340 | I39: ='Divided Income Return'!I41 -> 0
B40: ='Divided Income Return'!B42:G42 -> Net Trade, Business, Investment and Non-residential Income/Loss | G40: 350 | I40: ='Divided Income Return'!I42 -> 0
B41: ='Divided Income Return'!B43 -> PART C – INCOME FROM AGRICULTURE AND FISHERIES
B42: ='Divided Income Return'!B44:I44 -> Gross Income
B43: ='Divided Income Return'!B45:G45 -> Income from sale of Cane | G43: 370 | I43: 0
B44: ='Divided Income Return'!B46:G46 -> Ground Provision, Vegetables and Fruit | G44: 380 | I44: 0
B45: ='Divided Income Return'!B47:G47 -> Livestock | G45: 390 | I45: 0
B46: ='Divided Income Return'!B48:G48 -> Fisheries | G46: 400 | I46: 0
B47: ='Divided Income Return'!B49:G49 -> Gross Income from Agriculture & Fisheries | G47: 410 | I47: ='Divided Income Return'!I49 -> 0
B48: ='Divided Income Return'!B50:I50 -> Expenses
B49: ='Divided Income Return'!B51:G51 -> Agricultural Labour | G49: 420 | I49: 0
B50: ='Divided Income Return'!B52:G52 -> Management Fees | G50: 430 | I50: 0
B51: ='Divided Income Return'!B53:G53 -> Depreciation (as per Financial Statements) | G51: 440 | I51: 0
B52: ='Divided Income Return'!B54:G54 -> Other Expenses | G52: 450 | I52: 0
B53: ='Divided Income Return'!B55:G55 -> Total Agricultural Expenses | G53: 460 | I53: ='Divided Income Return'!I55 -> 0
B54: ='Divided Income Return'!B56:G56 -> Net Agricultural Income/Loss | G54: 470 | I54: ='Divided Income Return'!I56 -> 0
B55: ='Divided Income Return'!B57 -> PART D – ASSESSABLE INCOME FROM TRADE, BUSINESS, INVESTMENTS, AGRICULTURE & FISHERIES, AND NON-RESIDENTIAL RENT
B56: ='Divided Income Return'!B60:G60 -> Pension Expense | G56: ='Divided Income Return'!H60 -> 500 | I56: 0
B57: ='Divided Income Return'!B61:G61 -> Renewable Energy and Energy Efficient Retrofits | G57: 510 | I57: 0
B58: ='Divided Income Return'!B62:G62 -> Other deductions not allowed for tax purposes | G58: 520 | I58: 0
B59: ='Divided Income Return'!B63:G63 -> Total deductions disallowed for tax purposes | G59: 530 | I59: ='Divided Income Return'!I63 -> 0
B60: ='Divided Income Return'!B64:G64 -> Depreciation according to Income Tax Regulations Sect. 8 (annual wear & tear excluding building allowance) | G60: 540 | I60: 0
B61: ='Divided Income Return'!B65:G65 -> Commercial Building Allowance | G61: 550 | I61: 0
B62: ='Divided Income Return'!B66:G66 -> Industrial Building Allowance | G62: 560 | I62: 0 | L62: =SUM(#REF!-#REF!-I57+#REF!) -> #REF!
B63: ='Divided Income Return'!B68:G68 -> Other deductions allowed for tax purposes | G63: 580 | I63: 0
B64: ='Divided Income Return'!B69:G69 -> Total deductions allowed for tax purposes | G64: 590 | I64: ='Divided Income Return'!I69 -> 0 | J64: ='Divided Income Return'!J70 -> 0 | K64: ='Divided Income Return'!K70 -> 0 | L64: ='Divided Income Return'!L70 -> 0 | M64: ='Divided Income Return'!M70 -> 0
B65: ='Divided Income Return'!B70:G70 -> Assessable Income/Loss during year | G65: 600 | I65: ='Divided Income Return'!I70 -> 0
B66: ='Divided Income Return'!B71 -> PART E – ASSESSABLE INCOME FROM RESIDENTIAL RENT
B67: ='Divided Income Return'!B72:I72 -> Gross Rental Income
B68: ='Divided Income Return'!B73:G73 -> Gross Rental Income | G68: 680 | I68: 0
B69: ='Divided Income Return'!B74:I74 -> Rental Expenses
B70: ='Divided Income Return'!B75:G75 -> Repairs | G70: 690 | I70: 0
B71: ='Divided Income Return'!B76:G76 -> Mortgage Interest | G71: 700 | I71: 0
B72: ='Divided Income Return'!B77:G77 -> Depreciation (according to financial statements) | G72: 710 | I72: 0
B73: ='Divided Income Return'!B78:G78 -> Other Expenses | G73: 720 | I73: 0
B74: ='Divided Income Return'!B79:G79 -> Total Rental Expenses | G74: 730 | I74: ='Divided Income Return'!I79 -> 0
B75: ='Divided Income Return'!B80:G80 -> Net Rental Income/Loss according to Financial Statements | G75: 740 | I75: ='Divided Income Return'!I80 -> 0
B76: ='Divided Income Return'!B81:G81 -> Depreciation according to financial statements | G76: 750 | I76: ='Divided Income Return'!I81 -> 0 | AT76: Share of profits must be equal to Net Profit!
B77: ='Divided Income Return'!B82:G82 -> Pension Expense | G77: 760 | I77: 0
B78: ='Divided Income Return'!B83:G83 -> Renewable Energy and Energy Efficient Retrofits on Residential Rental Units | G78: 770 | I78: 0
B79: ='Divided Income Return'!B84:G84 -> Other deductions not allowed for tax purposes | G79: 780 | I79: 0
B80: ='Divided Income Return'!B85:G85 -> Total deductions disallowed for tax purposes | G80: 790 | I80: ='Divided Income Return'!I85 -> 0
B81: Depreciation | G81: 800 | I81: 0
B82: Renewable Energy and Energy Efficient Retrofits (150 % of conversion allowance over five years, L770 X 150%) | G82: 810 | I82: ='Divided Income Return'!I87 -> 0
B83: Other deductions allowed for tax purposes | G83: 820 | I83: 0
B84: Total deductions allowed for tax purposes | G84: 830 | I84: ='Divided Income Return'!I89 -> 0
B85: Assessable Residential Income Profit/Loss during year | G85: 840 | I85: ='Divided Income Return'!I90 -> 0
B86: Refundable Credits
B87: Dividend Credit | G87: ='Divided Income Return'!H93 -> 850 | I87: 0
B88: Cash Rebate – Agricultural Plant / Machinery (complete Part D) | G88: ='Divided Income Return'!H94 -> 860 | I88: 0
B89: Tax withheld by third parties on behalf of the BRA (Withholding Tax) | G89: ='Divided Income Return'!H95 -> 870 | I89: 0
B90: Tax on Preference shares | G90: ='Divided Income Return'!H96 -> 880 | I90: 0
B91: ='Divided Income Return'!B97 -> Total Refundable Credits | G91: ='Divided Income Return'!H97 -> 890 | I91: ='Divided Income Return'!I97 -> 0
B92: Non-Refundable Credits
B93: Export Allowance | G93: ='Divided Income Return'!H99 -> 900 | I93: 0
B94: Double Taxation Relief | G94: ='Divided Income Return'!H100 -> 910 | I94: 0
B95: Profitability and Increased Employment Credit | G95: ='Divided Income Return'!H101 -> 920 | I95: 0
B96: Innovation Credit | G96: ='Divided Income Return'!H102 -> 930 | I96: 0
B97: Cultural Industries Expenditure Credit | G97: ='Divided Income Return'!H103 -> 940 | I97: 0
B98: ='Divided Income Return'!B104 -> Total Non-refundable Credits | G98: ='Divided Income Return'!H104 -> 950 | I98: ='Divided Income Return'!I104 -> 0
B99: PART F - DIVISION OF PROFITS / LOSSES
B100: PARTNERS' NAMES | D100: TAMIS TIN | E100: % SHARE P/L | F100: F C Earned | I100: ='Divided Income Return'!I107 -> Share of Profit / Loss | J100: Share of Profit / Loss
...

Sheet Divided Income Return
B1: DIVIDED INCOME RETURN | C1: YEAR | D1: ='Divided Income Form'!D1 -> 0 | V1: YEARS
B2: TIN | C2: TAMIS | D2: ='Divided Income Form'!D2 -> 0 | G2: Etax | H2: ='Divided Income Form'!G2:I2 -> 0 | V2: 2010
B3: NAME | C3: ='Divided Income Form'!C3 -> 0 | V3: 2011
B4: GENERAL INSTRUCTIONS | V4: 2012
B5: - All Senior Partners MUST complete parts A and F - Taxpayers who have income from trade or business other than from agriculture & fisheries, and/or residential rent MUST complete parts B & D - Taxpayers who have income from agriculture & fisheries MUST complete parts C & D - Taxpayers who have income from residential rent MUST complete part E | V5: 2013
B6: Taxpayers must have valid TAMIS TINs | V6: 2014
B7: PART A - BALANCE SHEET AT END OF YEAR | V7: 2015
B8: Assets | V8: 2016
B9: Cash & Equivalents (uncashed cheques, chequing accts, savings…) | H9: 30 | I9: ='Divided Income Form'!I9 -> 0 | V9: 2017
B10: Accounts Receivable | H10: 40 | I10: ='Divided Income Form'!I10 -> 0
B11: Loans to Partners | H11: 50 | I11: ='Divided Income Form'!I11 -> 0
B12: Other Current, Short-term and Long-term Assets | H12: 60 | I12: ='Divided Income Form'!I12 -> 0
B13: Total Assets | H13: 70 | I13: =SUM(I9:I12) -> 0
B14: Liabilities
B15: All Current, Short-term and Long-term Liabilities | H15: 80 | I15: ='Divided Income Form'!I15 -> 0
B16: Net Assets | H16: 90 | I16: =SUM(I13-I15) -> 0
B17: Equity
B18: Partners Equity | H18: 100 | I18: ='Divided Income Form'!I16 -> 0
B19: PART B – INCOME FROM TRADE, BUSINESS, INVESTMENTS AND NON-RESIDENTIAL RENTAL PROPERTY
B20: Income
B21: Trade Sales of Goods and Service - Domestic Income | H21: 170 | I21: ='Divided Income Form'!I19 -> 0
B22: Trade Sales of Goods and Service - Exports | H22: 180 | I22: ='Divided Income Form'!I20 -> 0
B23: Domestic Investment Income | H23: 190 | I23: ='Divided Income Form'!I21 -> 0
B24: Foreign Investment Income | H24: 200 | I24: ='Divided Income Form'!I22 -> 0
B25: Total Rental Income (Excluding Residential Property) | H25: 210 | I25: ='Divided Income Form'!I23 -> 0
B26: Other Income | H26: 220 | I26: ='Divided Income Form'!I24 -> 0
B27: Total Income | H27: 230 | I27: =SUM(I21:I26) -> 0
B28: Cost of Sales
B29: Opening Inventory | H29: 235 | I29: ='Divided Income Form'!I27 -> 0
B30: Purchases during year | H30: 240 | I30: ='Divided Income Form'!I28 -> 0
B31: Closing Inventory | H31: 250 | I31: ='Divided Income Form'!I29 -> 0
B32: Cost of Sales | H32: 260 | I32: =SUM(I29+I30-I31) -> 0
B33: Operating Expenses
B34: Labour Cost | H34: 270 | I34: ='Divided Income Form'!I32 -> 0
B35: Commissions | H35: 280 | I35: ='Divided Income Form'!I33 -> 0
B36: Management Fees | H36: 290 | I36: ='Divided Income Form'!I34 -> 0
B37: Directors’ Fees | H37: 300 | I37: ='Divided Income Form'!I35 -> 0
B38: Depreciation (as per Financial Statements) | H38: 310 | I38: ='Divided Income Form'!I36 -> 0
B39: Bad Debt | H39: 320 | I39: ='Divided Income Form'!I37 -> 0
B40: Other Expenses | H40: 330 | I40: ='Divided Income Form'!I38 -> 0
B41: Total Operating Expenses | H41: 340 | I41: =SUM(I34:I40) -> 0
B42: Net Trade, Business, Investment and Non-residential Income/Loss | H42: 350 | I42: =SUM(I27-I32-I41) -> 0
B43: PART C – INCOME FROM AGRICULTURE AND FISHERIES
B44: Gross Income
B45: Income from sale of Cane | H45: 370 | I45: ='Divided Income Form'!I43 -> 0
B46: Ground Provision, Vegetables and Fruit | H46: 380 | I46: ='Divided Income Form'!I44 -> 0
B47: Livestock | H47: 390 | I47: ='Divided Income Form'!I45 -> 0
B48: Fisheries | H48: 400 | I48: ='Divided Income Form'!I46 -> 0
B49: Gross Income from Agriculture & Fisheries | H49: 410 | I49: =SUM(I45:I48) -> 0
B50: Expenses
B51: Agricultural Labour | H51: 420 | I51: ='Divided Income Form'!I49 -> 0
B52: Management Fees | H52: 430 | I52: ='Divided Income Form'!I50 -> 0
B53: Depreciation (as per Financial Statements) | H53: 440 | I53: ='Divided Income Form'!I51 -> 0
B54: Other Expenses | H54: 450 | I54: ='Divided Income Form'!I52 -> 0
B55: Total Agricultural Expenses | H55: 460 | I55: =SUM(I51:I54) -> 0
B56: Net Agricultural Income/Loss | H56: 470 | I56: =SUM(I49-I55) -> 0
B57: PART D – ASSESSABLE INCOME FROM TRADE, BUSINESS, INVESTMENTS, AGRICULTURE & FISHERIES, AND NON-RESIDENTIAL RENT
B58: Net Income/Loss according to financial statements | H58: 480 | I58: =I42+I56 -> 0
B59: Depreciation according to financial statements | H59: 490 | I59: =I38+I53 -> 0
B60: Pension Expense | H60: 500 | I60: ='Divided Income Form'!I58 -> 0
B61: Renewable Energy and Energy Efficient Retrofits | H61: 510 | I61: ='Divided Income Form'!I57 -> 0
B62: Other deductions not allowed for tax purposes | H62: 520 | I62: ='Divided Income Form'!I58 -> 0
B63: Total deductions disallowed for tax purposes | H63: 530 | I63: =SUM(I59:I62) -> 0
B64: Depreciation according to Income Tax Regulations Sect. 8 (annual wear & tear excluding building allowance) | H64: 540 | I64: ='Divided Income Form'!I60 -> 0
B65: Commercial Building Allowance | H65: 550 | I65: ='Divided Income Form'!I61 -> 0
B66: Industrial Building Allowance | H66: 560 | I66: ='Divided Income Form'!I62 -> 0
B67: Renewable Energy and Energy Efficient Retrofits (150 % of conversion allowance over five years, L510 X 150% max $25,000) | H67: 570 | I67: =IF(I61*1.5>25000,25000,IF(I61>0,I61*1.5,0)) -> 0
B68: Other deductions allowed for tax purposes | H68: 580 | I68: ='Divided Income Form'!I63 -> 0
B69: Total deductions allowed for tax purposes | H69: 590 | I69: =SUM(I64:I68) -> 0
B70: Assessable Income/Loss during year | H70: 600 | I70: =SUM(I58+I63-I69) -> 0
B71: PART E – ASSESSABLE INCOME FROM RESIDENTIAL RENT
B72: Gross Rental Income
B73: Gross Rental Income | H73: 680 | I73: ='Divided Income Form'!I68 -> 0
B74: Rental Expenses
B75: Repairs | H75: 690 | I75: ='Divided Income Form'!I70 -> 0
B76: Mortgage Interest | H76: 700 | I76: ='Divided Income Form'!I71 -> 0
B77: Depreciation (according to financial statements) | H77: 710 | I77: ='Divided Income Form'!I72 -> 0
B78: Other Expenses | H78: 720 | I78: ='Divided Income Form'!I73 -> 0
B79: Total Rental Expenses | H79: 730 | I79: =SUM(I75:I78) -> 0
B80: Net Rental Income/Loss according to Financial Statements | H80: 740 | I80: =SUM(I73-I79) -> 0
B81: Depreciation according to financial statements | H81: 750 | I81: =I77 -> 0
B82: Pension Expense | H82: 760 | I82: ='Divided Income Form'!I77 -> 0
B83: Renewable Energy and Energy Efficient Retrofits on Residential Rental Units | H83: 770 | I83: ='Divided Income Form'!I78 -> 0
B84: Other deductions not allowed for tax purposes | H84: 780 | I84: ='Divided Income Form'!I79 -> 0
B85: Total deductions disallowed for tax purposes | H85: 790 | I85: =SUM(I81:I84) -> 0
B86: Depreciation according to Income Tax Regulations Sect. 8 (annual wear & tear) | H86: 800 | I86: ='Divided Income Form'!I81 -> 0
B87: Renewable Energy and Energy Efficient Retrofits (150 % of conversion allowance over five years, L770 X 150%) | H87: 810 | I87: =IF(I83*1.5>25000,25000,IF(I83>0,I83*1.5,0)) -> 0
B88: Other deductions allowed for tax purposes | H88: 820 | I88: ='Divided Income Form'!I83 -> 0
B89: Total deductions allowed for tax purposes | H89: 830 | I89: =SUM(I86:I88) -> 0
B90: Assessable Residential Income/Loss during year | H90: 840 | I90: =SUM(I80+I85-I89) -> 0
B91: PART I – CREDITS
B92: Refundable Credits
B93: Dividend Credit | H93: 850 | I93: ='Divided Income Form'!I87 -> 0
B94: Cash Rebate – Agricultural Plant / Machinery | H94: 860 | I94: ='Divided Income Form'!I88 -> 0
B95: Tax withheld by third parties on behalf of the BRA (Withholding Tax) | H95: 870 | I95: ='Divided Income Form'!I89 -> 0
B96: Tax on Preference shares | H96: 880 | I96: ='Divided Income Form'!I90 -> 0
B97: Total Refundable Credits | H97: 890 | I97: =SUM(I93:I96) -> 0
B98: Non-Refundable Credits
B99: Export Allowance | H99: 900 | I99: ='Divided Income Form'!I93 -> 0
B100: Double Taxation Relief | H100: 910 | I100: ='Divided Income Form'!I94 -> 0
...

Sheet Sheet1
A1: ='Divided Income Return'!B1 -> DIVIDED INCOME RETURN | C1: ='Divided Income Return'!B1:I1 -> YEAR
A2: ='Divided Income Return'!B5:B5 -> - All Senior Partners MUST complete parts A and F - Taxpayers who have income from trade or business other than from agriculture & fisheries, and/or residential rent MUST complete parts B & D - Taxpayers who have income from agriculture & fisheries MUST complete parts C & D - Taxpayers who have income from residential rent MUST complete part E
A3: ='Divided Income Return'!B7:B7 -> PART A - BALANCE SHEET AT END OF YEAR
B4: ='Divided Income Return'!B8:I8 -> Assets
B5: ='Divided Income Return'!B9:I9 -> Cash & Equivalents (uncashed cheques, chequing accts, savings…) | H5: ='Divided Income Return'!H9 -> 30 | I5: ='Divided Income Return'!I9 -> 0
B6: ='Divided Income Return'!B10:I10 -> Accounts Receivable | H6: ='Divided Income Return'!H10 -> 40 | I6: ='Divided Income Return'!I10 -> 0
B7: ='Divided Income Return'!B11:I11 -> Loans to Partners | H7: ='Divided Income Return'!H11 -> 50 | I7: ='Divided Income Return'!I11 -> 0
B8: ='Divided Income Return'!B12:I12 -> Other Current, Short-term and Long-term Assets | H8: ='Divided Income Return'!H12 -> 60 | I8: ='Divided Income Return'!I12 -> 0
B9: ='Divided Income Return'!B13:I13 -> Total Assets | H9: ='Divided Income Return'!H13 -> 70 | I9: ='Divided Income Return'!I13 -> 0
B10: ='Divided Income Return'!B14:I14 -> Liabilities
B11: ='Divided Income Return'!B15:I15 -> All Current, Short-term and Long-term Liabilities | H11: ='Divided Income Return'!H15 -> 80 | I11: ='Divided Income Return'!I15 -> 0
B12: ='Divided Income Return'!B16:I16 -> Net Assets | H12: ='Divided Income Return'!H16 -> 90 | I12: ='Divided Income Return'!I16 -> 0
B13: ='Divided Income Return'!B17:I17 -> Equity
B14: ='Divided Income Return'!B18:I18 -> Partners Equity | H14: ='Divided Income Return'!H18 -> 100 | I14: ='Divided Income Return'!I18 -> 0
A15: ='Divided Income Return'!B19:B19 -> PART B – INCOME FROM TRADE, BUSINESS, INVESTMENTS AND NON-RESIDENTIAL RENTAL PROPERTY
B16: ='Divided Income Return'!B20:I20 -> Income
B17: ='Divided Income Return'!B21:I21 -> Trade Sales of Goods and Service - Domestic Income | H17: ='Divided Income Return'!H21 -> 170 | I17: ='Divided Income Return'!I21 -> 0
B18: ='Divided Income Return'!B22:I22 -> Trade Sales of Goods and Service - Exports | H18: ='Divided Income Return'!H22 -> 180 | I18: ='Divided Income Return'!I22 -> 0
B19: ='Divided Income Return'!B23:I23 -> Domestic Investment Income | H19: ='Divided Income Return'!H23 -> 190 | I19: ='Divided Income Return'!I23 -> 0
B20: ='Divided Income Return'!B24:I24 -> Foreign Investment Income | H20: ='Divided Income Return'!H24 -> 200 | I20: ='Divided Income Return'!I24 -> 0
B21: ='Divided Income Return'!B25:I25 -> Total Rental Income (Excluding Residential Property) | H21: ='Divided Income Return'!H25 -> 210 | I21: ='Divided Income Return'!I25 -> 0
B22: ='Divided Income Return'!B26:I26 -> Other Income | H22: ='Divided Income Return'!H26 -> 220 | I22: ='Divided Income Return'!I26 -> 0
B23: ='Divided Income Return'!B27:I27 -> Total Income | H23: ='Divided Income Return'!H27 -> 230 | I23: ='Divided Income Return'!I27 -> 0
B24: ='Divided Income Return'!B28:I28 -> Cost of Sales | H24: ='Divided Income Return'!H28 -> 0 | I24: ='Divided Income Return'!I28 -> 0
B25: ='Divided Income Return'!B29:I29 -> Opening Inventory | H25: ='Divided Income Return'!H29 -> 235 | I25: ='Divided Income Return'!I29 -> 0
B26: ='Divided Income Return'!B30:I30 -> Purchases during year | H26: ='Divided Income Return'!H30 -> 240 | I26: ='Divided Income Return'!I30 -> 0
B27: ='Divided Income Return'!B31:I31 -> Closing Inventory | H27: ='Divided Income Return'!H31 -> 250 | I27: ='Divided Income Return'!I31 -> 0
B28: ='Divided Income Return'!B32:I32 -> Cost of Sales | H28: ='Divided Income Return'!H32 -> 260 | I28: ='Divided Income Return'!I32 -> 0
... B38: ='Divided Income Return'!B42:I42 -> Net Trade, Business, Investment and Non-residential Income/Loss | H38: ='Divided Income Return'!H42 -> 350 | I38: ='Divided Income Return'!I42 -> 0
A39: ='Divided Income Return'!B43:B43 -> PART C – INCOME FROM AGRICULTURE AND FISHERIES
B40: ='Divided Income Return'!B44:I44 -> Gross Income
B41: ='Divided Income Return'!B45:I45 -> Income from sale of Cane | H41: ='Divided Income Return'!H45 -> 370 | I41: ='Divided Income Return'!I45 -> 0
B42: ='Divided Income Return'!B46:I46 -> Ground Provision, Vegetables and Fruit | H42: ='Divided Income Return'!H46 -> 380 | I42: ='Divided Income Return'!I46 -> 0
B43: ='Divided Income Return'!B47:I47 -> Livestock | H43: ='Divided Income Return'!H47 -> 390 | I43: ='Divided Income Return'!I47 -> 0
B44: ='Divided Income Return'!B48:I48 -> Fisheries | H44: ='Divided Income Return'!H48 -> 400 | I44: ='Divided Income Return'!I48 -> 0
B45: ='Divided Income Return'!B49:I49 -> Gross Income from Agriculture & Fisheries | H45: ='Divided Income Return'!H49 -> 410 | I45: ='Divided Income Return'!I49 -> 0
B46: ='Divided Income Return'!B50:I50 -> Expenses
B47: ='Divided Income Return'!B51:I51 -> Agricultural Labour | H47: ='Divided Income Return'!H51 -> 420 | I47: ='Divided Income Return'!I51 -> 0
B48: ='Divided Income Return'!B52:I52 -> Management Fees | H48: ='Divided Income Return'!H52 -> 430 | I48: ='Divided Income Return'!I52 -> 0
B49: ='Divided Income Return'!B53:I53 -> Depreciation (as per Financial Statements) | H49: ='Divided Income Return'!H53 -> 440 | I49: ='Divided Income Return'!I53 -> 0
B50: ='Divided Income Return'!B54:I54 -> Other Expenses | H50: ='Divided Income Return'!H54 -> 450 | I50: ='Divided Income Return'!I54 -> 0
B51: ='Divided Income Return'!B55:I55 -> Total Agricultural Expenses | H51: ='Divided Income Return'!H55 -> 460 | I51: ='Divided Income Return'!I55 -> 0
B52: ='Divided Income Return'!B56:I56 -> Net Agricultural Income/Loss | H52: ='Divided Income Return'!H56 -> 470 | I52: ='Divided Income Return'!I56 -> 0
A53: ='Divided Income Return'!B57:B57 -> PART D – ASSESSABLE INCOME FROM TRADE, BUSINESS, INVESTMENTS, AGRICULTURE & FISHERIES, AND NON-RESIDENTIAL RENT
B54: ='Divided Income Return'!B58:I58 -> Net Income/Loss according to financial statements | H54: ='Divided Income Return'!H58 -> 480 | I54: ='Divided Income Return'!I58 -> 0
B55: ='Divided Income Return'!B59:I59 -> Depreciation according to financial statements | H55: ='Divided Income Return'!H59 -> 490 | I55: ='Divided Income Return'!I59 -> 0
B56: ='Divided Income Return'!B60:I60 -> Pension Expense | H56: ='Divided Income Return'!H60 -> 500 | I56: ='Divided Income Return'!I60 -> 0
B57: ='Divided Income Return'!B61:I61 -> Renewable Energy and Energy Efficient Retrofits | H57: ='Divided Income Return'!H61 -> 510 | I57: ='Divided Income Return'!I61 -> 0
B58: ='Divided Income Return'!B62:I62 -> Other deductions not allowed for tax purposes | H58: ='Divided Income Return'!H62 -> 520 | I58: ='Divided Income Return'!I62 -> 0
B59: ='Divided Income Return'!B63:I63 -> Total deductions disallowed for tax purposes | H59: ='Divided Income Return'!H63 -> 530 | I59: ='Divided Income Return'!I63 -> 0
B60: ='Divided Income Return'!B64:I64 -> Depreciation according to Income Tax Regulations Sect. 8 (annual wear & tear excluding building allowance) | H60: ='Divided Income Return'!H64 -> 540 | I60: ='Divided Income Return'!I64 -> 0
B61: ='Divided Income Return'!B65:I65 -> Commercial Building Allowance | H61: ='Divided Income Return'!H65 -> 550 | I61: ='Divided Income Return'!I65 -> 0
B62: ='Divided Income Return'!B66:I66 -> Industrial Building Allowance | H62: ='Divided Income Return'!H66 -> 560 | I62: ='Divided Income Return'!I66 -> 0
B63: ='Divided Income Return'!B67:I67 -> Renewable Energy and Energy Efficient Retrofits (150 % of conversion allowance over five years, L510 X 150% max $25,000) | H63: ='Divided Income Return'!H67 -> 570 | I63: ='Divided Income Return'!I67 -> 0
B64: ='Divided Income Return'!B68:I68 -> Other deductions allowed for tax purposes | H64: ='Divided Income Return'!H68 -> 580 | I64: ='Divided Income Return'!I68 -> 0
B65: ='Divided Income Return'!B69:I69 -> Total deductions allowed for tax purposes | H65: ='Divided Income Return'!H69 -> 590 | I65: ='Divided Income Return'!I69 -> 0
B66: ='Divided Income Return'!B70:I70 -> Assessable Income/Loss during year | H66: ='Divided Income Return'!H70 -> 600 | I66: ='Divided Income Return'!I70 -> 0
B67: ='Divided Income Return'!B71:B71 -> PART E – ASSESSABLE INCOME FROM RESIDENTIAL RENT
B68: ='Divided Income Return'!B72:I72 -> Gross Rental Income
B69: ='Divided Income Return'!B73:I73 -> Gross Rental Income | H69: ='Divided Income Return'!H73 -> 680 | I69: ='Divided Income Return'!I73 -> 0
B70: ='Divided Income Return'!B74:I74 -> Rental Expenses
B71: ='Divided Income Return'!B75:I75 -> Repairs | H71: ='Divided Income Return'!H75 -> 690 | I71: ='Divided Income Return'!I75 -> 0
B72: ='Divided Income Return'!B76:I76 -> Mortgage Interest | H72: ='Divided Income Return'!H76 -> 700 | I72: ='Divided Income Return'!I76 -> 0
B73: ='Divided Income Return'!B77:I77 -> Depreciation (according to financial statements) | H73: ='Divided Income Return'!H77 -> 710 | I73: ='Divided Income Return'!I77 -> 0
B74: ='Divided Income Return'!B78:I78 -> Other Expenses | H74: ='Divided Income Return'!H78 -> 720 | I74: ='Divided Income Return'!I78 -> 0
B75: ='Divided Income Return'!B79:I79 -> Total Rental Expenses | H75: ='Divided Income Return'!H79 -> 730 | I75: ='Divided Income Return'!I79 -> 0
B76: ='Divided Income Return'!B80:I80 -> Net Rental Income/Loss according to Financial Statements | H76: ='Divided Income Return'!H80 -> 740 | I76: ='Divided Income Return'!I80 -> 0
B77: ='Divided Income Return'!B81:I81 -> Depreciation according to financial statements | H77: ='Divided Income Return'!H81 -> 750 | I77: ='Divided Income Return'!I81 -> 0
B78: ='Divided Income Return'!B82:I82 -> Pension Expense | H78: ='Divided Income Return'!H82 -> 760 | I78: ='Divided Income Return'!I82 -> 0
B79: ='Divided Income Return'!B83:I83 -> Renewable Energy and Energy Efficient Retrofits on Residential Rental Units | H79: ='Divided Income Return'!H83 -> 770 | I79: ='Divided Income Return'!I83 -> 0
B80: ='Divided Income Return'!B84:I84 -> Other deductions not allowed for tax purposes | H80: ='Divided Income Return'!H84 -> 780 | I80: ='Divided Income Return'!I84 -> 0
B81: ='Divided Income Return'!B85:I85 -> Total deductions disallowed for tax purposes | H81: ='Divided Income Return'!H85 -> 790 | I81: ='Divided Income Return'!I85 -> 0
B82: ='Divided Income Return'!B86:I86 -> Depreciation according to Income Tax Regulations Sect. 8 (annual wear & tear) | H82: ='Divided Income Return'!H86 -> 800 | I82: ='Divided Income Return'!I86 -> 0
... B86: ='Divided Income Return'!B90:I90 -> Assessable Residential Income/Loss during year | H86: ='Divided Income Return'!H90 -> 840 | I86: ='Divided Income Return'!I90 -> 0
B87: ='Divided Income Return'!B106:B106 -> PART F - DIVISION OF PROFITS / LOSSES
B88: ='Divided Income Return'!B107:I107 -> PARTNERS' NAMES | C88: ='Divided Income Return'!D107 -> TIN | E88: ='Divided Income Return'!E107 -> % SHARE | G88: ='Divided Income Return'!G107 -> F C Earned | I88: ='Divided Income Return'!I107 -> Share of Profit / Loss
B89: ='Divided Income Return'!B108:I108 -> 0 | C89: ='Divided Income Return'!D108 -> 0 | E89: ='Divided Income Return'!E108 -> 0 | G89: ='Divided Income Return'!G108 -> 0 | H89: ='Divided Income Return'!H108 -> 960 | I89: ='Divided Income Return'!I108 -> 0
B90: ='Divided Income Return'!B109:I109 -> 0 | C90: ='Divided Income Return'!D109 -> 0 | E90: ='Divided Income Return'!E109 -> 0 | G90: ='Divided Income Return'!G109 -> 0 | H90: ='Divided Income Return'!H109 -> 970 | I90: ='Divided Income Return'!I109 -> 0
B91: ='Divided Income Return'!B110:I110 -> 0 | C91: ='Divided Income Return'!D110 -> 0 | E91: ='Divided Income Return'!E110 -> 0 | G91: ='Divided Income Return'!G110 -> 0 | H91: ='Divided Income Return'!H110 -> 980 | I91: ='Divided Income Return'!I110 -> 0
B92: ='Divided Income Return'!B111:I111 -> 0 | C92: ='Divided Income Return'!D111 -> 0 | E92: ='Divided Income Return'!E111 -> 0 | G92: ='Divided Income Return'!G111 -> 0 | H92: ='Divided Income Return'!H111 -> 990 | I92: ='Divided Income Return'!I111 -> 0
B93: ='Divided Income Return'!B112:I112 -> 0 | C93: ='Divided Income Return'!D112 -> 0 | E93: ='Divided Income Return'!E112 -> 0 | G93: ='Divided Income Return'!G112 -> 0 | H93: ='Divided Income Return'!H112 -> 1000 | I93: ='Divided Income Return'!I112 -> 0
B94: ='Divided Income Return'!B113:I113 -> 0 | C94: ='Divided Income Return'!D113 -> 0 | E94: ='Divided Income Return'!E113 -> 0 | G94: ='Divided Income Return'!G113 -> 0 | H94: ='Divided Income Return'!H113 -> 1010 | I94: ='Divided Income Return'!I113 -> 0
B95: ='Divided Income Return'!B114:I114 -> 0 | C95: ='Divided Income Return'!D114 -> 0 | E95: ='Divided Income Return'!E114 -> 0 | G95: ='Divided Income Return'!G114 -> 0 | H95: ='Divided Income Return'!H114 -> 1020 | I95: ='Divided Income Return'!I114 -> 0
B96: ='Divided Income Return'!B115:I115 -> 0 | C96: ='Divided Income Return'!D115 -> 0 | E96: ='Divided Income Return'!E115 -> 0 | G96: ='Divided Income Return'!G115 -> 0 | H96: ='Divided Income Return'!H115 -> 1030 | I96: ='Divided Income Return'!I115 -> 0
B97: ='Divided Income Return'!B116:I116 -> 0 | C97: ='Divided Income Return'!D116 -> 0 | E97: ='Divided Income Return'!E116 -> 0 | G97: ='Divided Income Return'!G116 -> 0 | H97: ='Divided Income Return'!H116 -> 1040 | I97: ='Divided Income Return'!I116 -> 0
B98: ='Divided Income Return'!B117:I117 -> 0 | C98: ='Divided Income Return'!D117 -> 0 | E98: ='Divided Income Return'!E117 -> 0 | G98: ='Divided Income Return'!G117 -> 0 | H98: ='Divided Income Return'!H117 -> 1050 | I98: ='Divided Income Return'!I117 -> 0
B99: ='Divided Income Return'!B118:I118 -> 0 | C99: ='Divided Income Return'!D118 -> 0 | E99: ='Divided Income Return'!E118 -> 0 | G99: ='Divided Income Return'!G118 -> 0 | H99: ='Divided Income Return'!H118 -> 1060 | I99: ='Divided Income Return'!I118 -> 0
B100: ='Divided Income Return'!B119:I119 -> 0 | C100: ='Divided Income Return'!D119 -> 0 | E100: ='Divided Income Return'!E119 -> 0 | G100: ='Divided Income Return'!G119 -> 0 | H100: ='Divided Income Return'!H119 -> 1070 | I100: ='Divided Income Return'!I119 -> 0
... B104: ='Divided Income Return'!B123:I123 -> 0 | C104: ='Divided Income Return'!D123 -> 0 | E104: ='Divided Income Return'!E123 -> 0 | G104: ='Divided Income Return'!G123 -> 0 | H104: ='Divided Income Return'!H123 -> 1110 | I104: ='Divided Income Return'!I123 -> 0
B105: ='Divided Income Return'!B124:I124 -> Total | E105: ='Divided Income Return'!E127 -> 0 | G105: ='Divided Income Return'!G124 -> 0 | I105: ='Divided Income Return'!I124 -> 0

Sheet TAMIS
B1: DIVIDED INCOME RETURN | E1: Year | G1: ='Divided Income Return'!D1 -> 0
B3: ='Divided Income Return'!C3 -> 0 | E3: TIN | G3: ='Divided Income Return'!D2 -> 0
G4: ='Divided Income Return'!H2 -> 0
B5: Gross Income From Trade, Business, Investments And Non-Rresidential Rrental Property
E6: 230 | G6: ='Divided Income Return'!I27 -> 0
B8: Gross Income from Agriculture & Fisheries
E9: 410 | G9: ='Divided Income Return'!I49 -> 0
B11: Net Income/ Loss from Trade, Business, Investments, Agriculture & Ffisheries, and Non-Residential Property
E12: 600 | G12: ='Divided Income Return'!I70 -> 0
B14: Gross Residential Rental Income
E15: 680 | G15: ='Divided Income Return'!I73 -> 0
B17: Net Residential Income/Loss during year
E18: 840 | G18: ='Divided Income Return'!I90 -> 0
